 Dungeon Crawl Stone Soup version 0.31-a0-986-g5e6e4ef867 (webtiles) character file.

Game seed: 9205541838613859299

40 ytrimaz the Insei (level 3, -6/27 HPs)
             Began as a Demigod Shapeshifter on Nov 15, 2023.
             Killed from afar by Natasha (9 damage)
             ... with a magic dart
             ... on level 2 of the Dungeon.
             The game lasted 00:01:04 (996 turns).

ytrimaz the Insei (Demigod Shapeshifter)             Turns: 996, Time: 00:01:05

Health: -6/27      AC:  2    Str: 15    XL:     3   Next: 14%
Magic:  5/5        EV: 10    Int: 12    God:
Gold:   12         SH:  0    Dex: 17    Spells: 2/2 levels left

rFire   . .          .
                       - Unarmed
rCold   . . .        (no shield)
rNeg    . . .        a - +0 animal skin
rPois   .            (helmet currently unavailable)
rElec   .            (cloak currently unavailable)
rCorr   .            (gloves currently unavailable)
SInv    .            (boots currently unavailable)
Will    .....        (no amulet)
Stlth   ++           (no ring)
HPRegen 0.24/turn    (no ring)
MPRegen 0.09/turn

%: no passive effects
@: beast-form, slowed, constricted, very slow
A: beast (slay +1), high MP 1, forlorn, divine attributes
a: Begin Untransformation


You were on level 2 of the Dungeon.
You were a hulking beast.
You visited 1 branch of the dungeon, and saw 2 of its levels.

You collected 12 gold pieces.


Innate Abilities, Weirdness & Mutations

You are a hulking beast.
Your limbs bulge with bestial killing power. (Slay +1)
You have an increased reservoir of magic. (+10% MP)
You shall have no god before yourself.
Your divine heritage dramatically boosts your attributes as you level up.


   Skills:
 - Level 0.8 Fighting
 + Level 2.4 Dodging
 + Level 3.1 Unarmed Combat
 + Level 3.1 Shapeshifting


You had 2 spell levels left.
You didn't know any spells.
Your spell library contained the following spells:

 Spells                   Type           Power      Damage    Failure   Level
 Kiss of Death            Conj/Necr      0%         2d5       32%         1
 Confusing Touch          Hex            0%         N/A       69%         3
 Dispel Undead            Necr           0%         3d6       97%         4

Inventory:

Armour
 a - a +0 animal skin (worn)
Talismans
 c - a beast talisman
 d - a flux talisman
Scrolls
 e - a scroll of blinking {unknown}
 f - a scroll of vulnerability {unknown}
Potions
 b - a potion of invisibility {unknown}

Dungeon Overview and Level Annotations

Branches:
Dungeon (2/15) Zot: 11002

Shops:
D:1 (

Annotations:
D:2 Natasha

###############
#.....#.......######
#.............#....# #
#.............#....# ..#
###...........#....#...#
###...........#<.h.....#
>...............hS......
...........#...#####....
.......#...#..... .
...................
..#...#.......?..###
###...##.........#
...........#...#.#
...............#..
........


You could see Natasha and a ball python.


Message History

Robin hits you with a +0 dagger.
* * * LOW HITPOINT WARNING * * *
The hobgoblin hits you but does no damage. 😨 HP[-3]
You take 3 damage, and now have 10/33 hp.
You closely miss the hobgoblin. Robin hits you but does no damage.
The goblin hits you but does no damage.
The hobgoblin hits you but does no damage.
Unknown command.
You smack the goblin!
You kill the goblin!
Robin hits you but does no damage.
The hobgoblin hits you but does no damage.
You cannot move.
You smack Robin!
The hobgoblin no longer looks unusually strong.
Robin hits you but does no damage.
The hobgoblin hits you but does no damage.
You hit Robin.
You kill Robin!
The hobgoblin hits you.
* * * LOW HITPOINT WARNING * * *
You have reached level 3!
Your experience leads to a dramatic increase in your attributes!
Increase (S)trength, (I)ntelligence, or (D)exterity?
You feel agile. x4 😱 MP[+1]
You now have 40 max hp (+7).
Your mp is fully restored (5).
You hit the hobgoblin.
The hobgoblin hits you but does no damage. 😨 HP[+1]
You smack the hobgoblin!
You kill the hobgoblin!
You cannot move.
Unknown command.
You feel less wooden.
Your +0 animal skin unmelds from your body.
You turn into a hulking beast. 😨 HP[-3]
You now have 27 max hp (-13).
Unknown command.
Key pressed, stopping explore.
b - a fizzy cyan potion You see here a +0 dagger. 😎 HP[+19]
Your hp is fully restored (27).
Unknown command.
Found a stone staircase leading down.
Unknown command.
Natasha, Servant of Life and Death comes into view.
Found a stone staircase leading up.
A ball python comes into view.
Natasha hisses angrily.
The ball python hisses angrily.
Natasha stares at you and mumbles some strange words.
You feel yourself slow down.
You hit Natasha. Natasha barely misses you.
Natasha mewls in sadness.
Natasha claws you. 😕 HP[-6]
You take 6 damage, and now have 21/27 hp.
MASSIVE DAMAGE!! (PAUSE)
You hit Natasha. Natasha barely misses you.
You hit Natasha. The ball python bites you. The ball python misses you.
Natasha casts a spell at you. The magic dart hits you!
* * * LOW HITPOINT WARNING * * *
The ball python barely misses you. The ball python closely misses you.
Natasha claws you.
* * * LOW HITPOINT WARNING * * *
😨 HP[-14]
You take 14 damage, and now have 7/27 hp.
MASSIVE DAMAGE!! (PAUSE) Unknown command.
You barely miss Natasha. The ball python barely misses you. x2
Natasha closely misses you. The ball python barely misses you. x2
Unknown command.
You closely miss Natasha. The ball python closely misses you. x2
Natasha casts a spell at you.
You feel as though you will be slow longer.
The ball python closely misses you. The ball python barely misses you.
Unknown command.
You hit Natasha. Natasha completely misses you.
The ball python closely misses you. The ball python misses you.
Natasha misses you. 😨 HP[+1] Unknown command.
You hit Natasha but do no damage. The ball python barely misses you.
The ball python grabs you. The ball python constricts you.
* * * LOW HITPOINT WARNING * * *
Natasha claws you.
* * * LOW HITPOINT WARNING * * *
The ball python closely misses you.
The ball python constricts you. 😱 HP[-5]
You take 5 damage, and now have 3/27 hp.
You closely miss Natasha.
Natasha stares at you and mumbles some strange words.
The magic dart hits you!
You die...
Natasha begins licking her fur clean.

Skill      XL: |  1  2 |
---------------+-------+-----
Dodging        | 2 |  2.4
Unarmed Combat | 3 |  3.1
Shapeshifting  | 3 |  3.1
Fighting       | |  0.8

Action                     || total
---------------------------++-------
  Melee: Unarmed           ||    68
         Punch             ||     2
    Use: Potion            ||     2
 Armour: Animal skin       ||    21
         Skin              ||    82
  Dodge: Dodged            ||    39

Levels and vault maps discovered:
D:1:      minmay_arrival_up_and_down, layout_loops_ring, serial_shops, shop,
          serial_aquarium, aquarium_bridge_straight [aquarium_subvault_bridge,
          aquarium_subvault_wall, aquarium_subvault_bridge,
          aquarium_subvault_window], aquarium_window_2, aquarium_window_fake,
          aquarium_view_2d, aquarium_balcony_3b, aquarium_pool_2,
          corexii_hall_statues_l, dreamdust_princess_bridge
D:2:      layout_basic, ebering_ecumenical_altar_mist,
          kennysheep_generic_room_8, uniq_robin, uniq_natasha

Notes
Turn   | Place    | Note
-------+----------+-------------------------------------------
     0 | D:1      | ytrimaz the Demigod Shapeshifter began the quest for the
                  | Orb.
     0 | D:1      | Reached XP level 1. HP: 15/15 MP: 3/3
     0 | D:1      | magus.rc [v1.9.6]
   129 | D:1      | Found Gelydgh's Antique Weapon Shop.
   202 | D:1      | Reached skill level 2 in Dodging
   388 | D:1      | You pick up a book of Touch and begin reading...
   388 | D:1      | You add the spells Kiss of Death, Confusing Touch and
                  | Dispel Undead to your library.
   585 | D:1      | Reached XP level 2. HP: 22/22 MP: 4/4
   826 | D:2      | Noticed Robin
   830 | D:2      | Reached skill level 3 in Unarmed Combat
   844 | D:2      | Reached skill level 3 in Shapeshifting
   867 | D:2      | Killed Robin
   868 | D:2      | Reached XP level 3. HP: 10/27 MP: 5/5
   985 | D:2      | Noticed Natasha
   995 | D:2      | HP: 3/27 [Natasha (4)]
   996 | D:2      | Killed from afar by Natasha

Vanquished Creatures
  Robin (D:2)
  A dart slug (D:1)
  2 ball pythons (D:1)
  An endoplasm (D:2)
  9 goblins (D:2)
  4 hobgoblins
  2 jackals (D:1)
  3 bats (D:1)
  2 kobolds (D:1)
25 creatures vanquished.

Table legend:
 A = Non-vault XP
 B = Vault XP
 C = Vault XP percentage of total XP
 D = Non-vault monster count
 E = Vault monster count
 F = Vault count percentage of total count
                 A         B        C        D         E       F
            +---------+---------+-------+---------+---------+-------
      Total |      21 |      37 |  63.8 |      12 |      13 |  52.0
            +---------+---------+-------+---------+---------+-------
        D:1 |      19 |       0 |   0.0 |      11 |       0 |   0.0
        D:2 |       2 |      37 |  94.9 |       1 |      13 |  92.9
            +---------+---------+-------+---------+---------+-------

Skill      XL: |  1  2 |
---------------+-------+-----
Dodging        | 2 |  2.4
Unarmed Combat | 3 |  3.1
Shapeshifting  | 3 |  3.1
Fighting       | |  0.8

Action                     || total
---------------------------++-------
  Melee: Unarmed           ||    68
         Punch             ||     2
    Use: Potion            ||     2
 Armour: Animal skin       ||    21
         Skin              ||    82
  Dodge: Dodged            ||    39

Illustrated notes

Table legend:
 A = Kills in this place as a percentage of kills in the entire game.
 B = Kills by you in this place as a percentage of kills by you in the entire game.
 C = Kills by friends in this place as a percentage of kills by friends in the entire game.
 D = Other kills in this place as a percentage of other kills in the entire game.
 E = Experience gained in this place as a percentage of experience gained in the entire game.
 F = Experience gained in this place divided by the number of levels of this place that you have seen.
                   A       B       C       D       E      F
               +-------+-------+-------+-------+-------+----------------------
         Total | 100.0 | 100.0 |   N/A |   N/A | 100.0 |  29.0
       Dungeon | 100.0 | 100.0 |   N/A |   N/A | 100.0 |  29.0
               +-------+-------+-------+-------+-------+----------------------

Table legend: (Time is in decaauts)
 A = Elapsed time spent in this place.
 B = Non-inter-level travel time spent in this place.
 C = Inter-level travel time spent in this place.
 D = Time resting spent in this place.
 E = Time spent auto-exploring this place.
 F = Levels seen in this place.
 G = Mean time per level.
                   A        B        C        D        E       F      G
               +--------+--------+--------+--------+--------+-----+--------+
         Total |    995 |    955 |     40 |      0 |    825 |   2 |  497.5 |
       Dungeon |    995 |    955 |     40 |      0 |    825 |   2 |  497.5 |
               +--------+--------+--------+--------+--------+-----+--------+

Top non-repeatable levels by time:
     D:1: 824 daAuts
     D:2: 171 daAuts
